AoeStats
← AiM | Facu1414

Black Forest

507660205Analyzed
4v4 RM · 12d ago on Sep 19, 2026· 21m 27s· 8 players
Game mode
Random Map
Map size
Large (8 player)
Population
200
Speed
Normal
Resources
Standard
Victory
Conquest
Starting age
Dark Age
Ending age
Imperial Age
RankedLock teamsTeams togetherTeam positionsShared explorationLock speedFull tech treeHidden civsTurbo modeCheats
Victory
Defeat
🇦🇷 Berbers · Argentina
1612
+14
🇲🇽 Persians · Mexico
1547
+17
🇲🇽 Mongols · Mexico
1543
+17
🇦🇷 Khmer · Argentina
1521
+18
🇺🇸 Mongols · United States
1649
-21
🇹🇼 Japanese · Taiwan
1614
-19
🇭🇰 Franks · Hong Kong SAR China
1491
-13
🇨🇳 Bohemians · China
1484
-13
joosephy
2:06 Loom
9:35 Feudal Age
10:29 Man-at-Arms
16:59 Town Watch
Lastmantillidie
12:04 Feudal Age
13:06 Double-Bit Axe
13:11 Fishing Lines
15:58 Castle Age
17:12 Bow Saw
17:07 Gillnets
17:48 Horse Collar
20:21 Wheelbarrow
你朋友
10:47 Feudal Age
10:57 Loom
16:01 Castle Age
14:08 Double-Bit Axe
15:28 Fletching
17:14 Bow Saw
16:56 Town Watch
姬七兮
11:35 Feudal Age
14:11 Loom
17:26 Castle Age
17:30 Scale Mail Armor
18:10 Squires
18:47 Medium Warships
18:54 Fishing Lines
AiM | Fubuki Sinri
10:32 Feudal Age
14:14 Castle Age
14:35 Double-Bit Axe
14:34 Horse Collar
21:17 Wheelbarrow
21:11 Bow Saw
ZEK000
3:19 Loom
7:57 Feudal Age
9:02 Double-Bit Axe
9:00 Horse Collar
11:38 Town Watch
18:53 Wheelbarrow
22:05 Castle Age
20:58 Fletching
AiM | Facu1414
6:39 Loom
9:16 Feudal Age
9:48 Double-Bit Axe
15:20 Horse Collar
20:46 Castle Age
AIM | Agua cate 98
0:30 Loom
11:48 Feudal Age
13:26 Fletching
20:17 Castle Age
19:06 Double-Bit Axe
19:03 Horse Collar
19:33 Stone Mining
20:07 Gold Mining
21:23 Wheelbarrow
21:18 Bow Saw
Connection lost

Rejoining the realm…

Still unreachable

The connection could not be restored.

Session expired

The server has moved on; the page needs a fresh start.